 Dungeon Crawl Stone Soup version 0.21.1-72-gffa868e0fe (webtiles) character file.

26 Gargoyl the Skirmisher (level 2, 0/26 HPs)
             Began as a Centaur Abyssal Knight on Aug 3, 2018.
             Was a Follower of Lugonu.
             Slain by a bullfrog (6 damage)
             ... on level 2 of the Dungeon.
             The game lasted 00:01:48 (900 turns).

Gargoyl the Skirmisher (Centaur Abyssal Knight)      Turns: 900, Time: 00:01:48

Health: 0/26       AC:  7    Str: 14    XL:     2   Next: 89%
Magic:  3/3        EV:  4    Int: 11    God:    Lugonu [*.....]
Gold:   68         SH:  0    Dex:  8    Spells: 1/1 levels left

rFire    . . .     SeeInvis .   a - +2 hand axe
rCold    . . .     Gourm    .   (no shield)
rNeg     . . .     Faith    .   d - +0 chain mail
rPois    .         Spirit   .   (no helmet)
rElec    .         Reflect  .   (no cloak)
rCorr    .         Harm     .   (no gloves)
MR       .....                  (no barding)
Stlth    ..........             (no amulet)
HPRegen  0.08/turn              (no ring)
MPRegen  0.08/turn              (no ring)

@: very quick
A: large, hooves 3, deformed body, speed 2, tough skin 3
a: Depart the Abyss, Renounce Religion


You were on level 2 of the Dungeon.
You worshipped Lugonu.
Lugonu was aware of your devotion.
You were not hungry.

You visited 1 branch of the dungeon, and saw 2 of its levels.
You visited the Abyss 1 time.

You collected 68 gold pieces.

Inventory:

Hand Weapons
 a - a +2 hand axe (weapon)
Armour
 d - a +0 chain mail (worn)
Scrolls
 b - 2 scrolls of identify {unknown}
 g - a scroll of amnesia {unknown}
 j - a scroll of enchant armour {unknown}
Potions
 e - 2 potions of curing {unknown}
 f - 2 potions of flight {unknown}
 h - a potion of heal wounds {unknown}
 i - a potion of berserk rage {unknown}
Comestibles
 c - 2 rations


   Skills:
 + Level 3.4 Fighting
 + Level 2.1 Axes
 * Level 1.5 Armour
 + Level 0.7 Dodging
 * Level 2.6 Invocations


You had one spell level left.
You didn't know any spells.

Dungeon Overview and Level Annotations

Branches:
Dungeon (2/15)

Altars:


Innate Abilities, Weirdness & Mutations

You have hooves in place of feet.
Armour fits poorly on your strangely shaped body.
You cover ground very quickly.
You have extremely tough skin. (AC +3)


Message History

You closely miss the frilled lizard.
The bullfrog hits you but does no damage.
The frilled lizard bites you but does no damage.
The bullfrog hits you. The frilled lizard barely misses you.
You closely miss the bullfrog. Your kick misses the bullfrog.
The bullfrog is severely wounded.
You barely miss the frilled lizard. The bullfrog barely misses you.
The bullfrog hits you. The frilled lizard barely misses you.
Unknown command.
You closely miss the bullfrog.
The bullfrog is severely wounded.
You hit the frilled lizard. The bullfrog hits you.
* * * LOW HITPOINT WARNING * * *
The frilled lizard bites you but does no damage.
The bullfrog hits you but does no damage.
Unknown command.
You hit the bullfrog. Your kick misses the bullfrog.
The bullfrog is severely wounded.
You miss the frilled lizard. The bullfrog hits you.
You die...

.. #.. #.. #...... .#
#.. #... #..... .###..
#...###.... ..#..
#......($. #.#..
.#.....>.w ###.#..
.........## #...<..
#....#...########.#..##
#.....@F.†........##.#
#######l..##..######.#
#8...8##.....##.#
##...###......... #...#
#####..#.. #...# .....
8...8 .. ##.?.## .


You could see a bullfrog, a worm and a frilled lizard.

Vanquished Creatures
  A dart slug (D:1)
  5 bats
  3 giant cockroaches
  2 goblins (D:1)
  3 hobgoblins
  A ball python (D:1)
  A frilled lizard (D:1)
  2 kobolds (D:1)
  4 rats
22 creatures vanquished.

Notes
Turn   | Place    | Note
-------+----------+-------------------------------------------
     0 | Abyss:1  | Gargoyl the Centaur Abyssal Knight began the quest for the Orb.
     0 | Abyss:1  | Reached XP level 1. HP: 19/19 MP: 2/2
    73 | Abyss:1  | Noticed a large abomination
   106 | Abyss:1  | Noticed a thrashing horror
   107 | D:1      | Escaped the Abyss
   258 | D:1      | Reached XP level 2. HP: 26/26 MP: 3/3
   422 | D:1      | Reached * piety under Lugonu
   887 | D:2      | Noticed a bullfrog
   900 | D:2      | Slain by a bullfrog

Skill      XL: |  1  2 |
---------------+-------+-----
Axes           | 2 |  2.1
Fighting       | |  3.4
Armour         | |  1.5
Dodging        | |  0.7
Invocations    | |  2.6

Action                   || total
-------------------------++-------
Melee: Hand axe          ||    52
       Kick              ||     4
Invok: Depart the Abyss  ||     1
  Use: Scroll            ||     1
Armor: Chain mail        ||    72
Dodge: Dodged            ||    13
